 Dungeon Crawl Stone Soup version 0.23-a0-344-ge122d05 (webtiles) character file.

128 rabbit the Skirmisher (level 5, -1/34 HPs)
             Began as a Gargoyle Fighter on Oct 19, 2018.
             Was an Initiate of Okawaru.
             Slain by an orc
             ... wielding a +0 hand axe
              (2 damage)
             ... on level 3 of the Dungeon.
             The game lasted 00:07:12 (1881 turns).

rabbit the Skirmisher (Gargoyle Fighter)            Turns: 1881, Time: 00:07:12

Health: -1/34      AC: 12    Str: 26    XL:     5   Next: 11%
Magic:  5/5        EV:  7    Int:  8    God:    Okawaru [......]
Gold:   86         SH: 11    Dex:  9    Spells: 4/4 levels left

rFire    . . .     SeeInvis .   s - +0 morningstar
rCold    . . .     Gourm    .   c - +1 shield
rNeg     + . .     Faith    .   b - +0 scale mail
rPois    ∞         Spirit   .   (no helmet)
rElec    +         Reflect  .   (no cloak)
rCorr    .         Harm     .   (no gloves)
MR       .....                  i - +0 pair of boots
Stlth    ..........             (no amulet)
HPRegen  0.11/turn              (no ring)
MPRegen  0.09/turn              (no ring)

@: mighty, slowed, very slow
A: negative energy resistance 1, electricity resistance, unbreathing,
petrification resistance, rot immunity, AC +4
a: Renounce Religion


You were on level 3 of the Dungeon.
You worshipped Okawaru.
Okawaru was noncommittal.
You were not hungry.

You visited 1 branch of the dungeon, and saw 3 of its levels.

You collected 86 gold pieces.

Inventory:

Hand Weapons
 a - a +0 flail
 n - a +1 flail of crushing
 s - a +0 morningstar (weapon)
Missiles
 h - 75 stones (quivered)
Armour
 b - a +0 scale mail (worn)
 c - a +1 shield (worn)
 i - a +0 pair of boots (worn)
Scrolls
 e - a scroll of teleportation {unknown}
 k - a scroll of fear {unknown}
 o - a scroll of identify
 t - a scroll of remove curse {unknown}
Potions
 d - a potion of might
 g - 2 potions of curing {unknown}
 l - a potion of magic {unknown}
 m - a potion of agility {unknown}
 p - 2 potions of degeneration {unknown}
 q - a potion of cancellation {unknown}
 r - 3 potions of mutation {unknown}
Comestibles
 f - 7 rations
 j - 6 chunks of flesh


   Skills:
 * Level 4.4 Fighting
 * Level 3.2 Maces & Flails
 + Level 3.9 Armour
 + Level 3.9 Shields


You had 4 spell levels left.
You didn't know any spells.
Your spell library was empty.

Dungeon Overview and Level Annotations

Branches:
Dungeon (3/15)

Altars:
Okawaru


Innate Abilities, Weirdness & Mutations

You are resistant to torment.
Your stone body is resilient. (AC +4)
You are immune to poison.
You resist negative energy. (rN+)
You are resistant to electric shocks. (rElec)
You can survive without breathing.
You are immune to petrification.
You are immune to rotting.


Message History

You have reached level 5!
The adder bites you.
* * * LOW HITPOINT WARNING * * *
The orc closely misses you. You block the adder's attack.
The orc closely misses you. You block the adder's attack.
You feel very mighty all of a sudden. The adder bites you but does no damage.
The adder barely misses you. The orc hits you but does no damage. x2
Your shield and scale mail prevent you from hitting the orc.
The adder bites you but does no damage. x2
The orc hits you but does no damage. x2; You block the adder's attack.
The orc hits you but does no damage. x2
You puncture the orc!
You kill the orc!
Okawaru accepts your kill. The adder bites you but does no damage.
The adder bites you.
* * * LOW HITPOINT WARNING * * *
The orc hits you but does no damage. You block the adder's attack.
The orc hits you with a +0 hand axe.
You die...

......#... #.....
.....#...###
##.....#.##.........#
#..#..##.##.........# .
#..#..##.............
..###........##...>.....#
........................#
......†##o.##.......>...)
#.oS@)...[#.........#
#..####.............#
...#. #..##..........#
### ## #####.##########
#.# #.# #.# +.# ###


You could see an adder and 2 orcs.

Vanquished Creatures
  An orc wizard (D:3)
  4 oozes
  2 worms (D:2)
  A dart slug (D:1)
  A leopard gecko (D:3)
  8 orcs (D:3)
  4 giant cockroaches
  9 goblins (D:1)
  4 hobgoblins
  A quokka (D:2)
  A ball python (D:1)
  8 bats
  3 frilled lizards (D:1)
  9 kobolds
  7 rats
63 creatures vanquished.

Notes
Turn   | Place    | Note
-------+----------+-------------------------------------------
     0 | D:1      | rabbit the Gargoyle Fighter began the quest for the Orb.
     0 | D:1      | Reached XP level 1. HP: 14/14 MP: 1/1
   121 | D:1      | Reached XP level 2. HP: 13/19 MP: 2/2
   358 | D:1      | Reached XP level 3. HP: 16/24 MP: 3/3
   683 | D:1      | Reached skill level 4 in Fighting
   991 | D:2      | Reached XP level 4. HP: 29/29 MP: 4/4
  1137 | D:2      | Found an iron altar of Okawaru.
  1146 | D:2      | Became a worshipper of Warmaster Okawaru
  1878 | D:3      | Reached XP level 5. HP: 4/34 MP: 5/5
  1881 | D:3      | HP: 1/34 [adder (2)]
  1881 | D:3      | Slain by an orc

Vault maps used:
D:1:      nicolae_arrival_memento_mori, minmay_tromino_i4
D:2:      okawaru_ov_weapons_minmay
D:3:      first_ration, gammafunk_ghost_nasty_kobolds, kennysheep_generic_room_8

Skill      XL: |  1  2  3  4 |
---------------+-------------+-----
Fighting       | 4 |  4.4
Maces & Flails | 3 |  3.2
Armour         | |  3.9
Shields        | |  3.9

Action                   |  1- 3 |  4- 6 || total
-------------------------+-------+-------++-------
Melee: Flail             |   134 |    86 ||   220
       Morningstar       |       |    26 ||    26
Throw: Stone             |    18 |       ||    18
  Use: Scroll            |       |     2 ||     2
       Potion            |       |     1 ||     1
  Eat: Chunk             |       |     4 ||     4
Armor: Scale mail        |    62 |    84 ||   146
Dodge: Dodged            |    40 |    39 ||    79
Block: Shield            |    78 |    71 ||   149

Table legend:
 A = Non-vault XP
 B = Vault XP
 C = Vault XP percentage of total XP
 D = Non-vault monster count
 E = Vault monster count
 F = Vault count percentage of total count
                 A         B        C        D         E       F
            +---------+---------+-------+---------+---------+-------
      Total |     176 |       7 |   3.8 |      59 |       4 |   6.3
            +---------+---------+-------+---------+---------+-------
        D:1 |      62 |       7 |  10.1 |      31 |       4 |  11.4
        D:2 |      33 |       0 |   0.0 |      13 |       0 |   0.0
        D:3 |      81 |       0 |   0.0 |      15 |       0 |   0.0
            +---------+---------+-------+---------+---------+-------
